 Dungeon Crawl Stone Soup version 0.16-a0-3714-geb26cbe (webtiles) character file.

117 fagah the Chopper (level 5, 0/39 HPs)
             Began as a Human Gladiator on Jan 20, 2015.
             Was an Initiate of Okawaru.
             Slain by a worker ant (7 damage)
             ... on level 4 of the Dungeon.
             The game lasted 00:07:23 (1638 turns).

fagah the Chopper (Human Gladiator)                 Turns: 1638, Time: 00:07:23

Health: 0/39       AC:  6    Str: 15    XL:     5   Next: 22%
Magic:  5/5        EV: 12    Int:  9    God:    Okawaru [......]
Gold:   91         SH:  0    Dex: 14    Spells: 0 memorised, 4 levels left

rFire  . . .     SeeInvis .     r - +0 mace
rCold  . . .     Clarity  .     o - +0 ring mail
rNeg   . . .     SustAb   .     (no shield)
rPois  .         Gourm    .     c - +0 helmet
rElec  .         Spirit   .     (no cloak)
rCorr  .         Warding  .     (no gloves)
rMut   .         Stasis   .     (no boots)
MR     .....                    (no amulet)
Stlth  +.........               (no ring)
                                (no ring)

@: lethally poisoned, not resistant to hostile enchantments, very unstealthy
A: no striking features
a: Renounce Religion


You were on level 4 of the Dungeon.
You worshipped Okawaru.
Okawaru was noncommittal.
You were not hungry.

You visited 1 branch of the dungeon, and saw 4 of its levels.

You collected 91 gold pieces.

Inventory:

Hand weapons
 a - a +0 war axe
 r - a +0 mace (weapon)
Missiles
 d - 3 throwing nets (quivered)
 g - 14 bolts
Armour
 b - a cursed +0 leather armour
 c - a +0 helmet (worn)
 o - a +0 ring mail (worn)
Scrolls
 j - a scroll of fear {unknown}
 k - a scroll of identify {unknown}
 p - a scroll of teleportation {unknown}
 q - a scroll of immolation {unknown}
Potions
 e - a potion of restore abilities
 h - a potion of invisibility {unknown}
 i - a potion of heal wounds {unknown}
 l - a potion of might {unknown}
Comestibles
 f - a bread ration
 m - a meat ration
 n - 5 fruits


   Skills:
 + Level 2.5 Fighting
 + Level 3.9 Axes
 + Level 0.4(2.4) Maces & Flails
 + Level 2.2 Throwing
 + Level 1.5 Armour
 + Level 3.9 Dodging
 + Level 0.2 Stealth


You had 4 spell levels left.
You didn't know any spells.

Dungeon Overview and Level Annotations

Branches:
Dungeon (4/15)
 Temple: D:4-7

Altars:
Cheibriados
Okawaru


Message History

The worker ant poisons you! The worker ant closely misses you.
You feel sick.
You barely miss the worker ant.
The worker ant is moderately wounded.
You feel sick. The worker ant barely misses you.
You hit the worker ant.
The worker ant is moderately wounded.
You feel sick. The worker ant misses you. The worker ant misses you.
You hit the worker ant.
The worker ant is severely wounded.
* * * LOW HITPOINT WARNING * * *
You feel sick.
The worker ant waves its antennae.
The worker ant bites you.
* * * LOW HITPOINT WARNING * * *
The worker ant bites you but does no damage.
It was a potion of restore abilities.
You feel refreshed.
* * * LOW HITPOINT WARNING * * *
You feel sick. The worker ant bites you!
You die...

# #.# # #.#
# #.# # #
#.# # #.#.#
#
#.#.#####.#
#.........#
#a# #@#
#######.#
#.).....#
#.#######
#.# #.#
##########.#
...........#
############


You could see a worker ant.

Vanquished Creatures
  An orc wizard (D:3)
  4 adders
  A worm (D:4)
  2 giant geckos
  An ooze (D:3)
  6 orcs (D:3)
  2 bat skeletons (D:4)
  4 giant cockroaches
  2 goblins
  6 hobgoblins
  3 jackals (D:3)
  2 giant newts
  6 kobolds
40 creatures vanquished.

Notes
Turn   | Place    | Note
--------------------------------------------------------------
     0 | D:1      | fagah, the Human Gladiator, began the quest for the Orb.
     0 | D:1      | Reached XP level 1. HP: 16/16 MP: 1/1
   162 | D:1      | Found a snail-covered altar of Cheibriados.
   172 | D:1      | Became a worshipper of Cheibriados the Contemplative
   344 | D:2      | Reached XP level 2. HP: 6/22 MP: 2/2
   619 | D:2      | Reached XP level 3. HP: 25/27 MP: 3/3
  1158 | D:3      | Reached XP level 4. HP: 31/34 MP: 4/4
  1257 | D:3      | Reached skill level 1 in Armour
  1337 | D:3      | Found an iron altar of Okawaru.
  1346 | D:3      | Fell from the grace of Cheibriados
  1346 | D:3      | Became a worshipper of Warmaster Okawaru
  1434 | D:4      | Reached XP level 5. HP: 35/39 MP: 5/5
  1638 | D:4      | Slain by a worker ant

Action                   |  1- 3 |  4- 6 || total
-------------------------+-------+-------++-------
Melee: War axe           |    52 |    39 ||    91
       Mace              |       |    42 ||    42
  Use: Potion            |       |     1 ||     1
  Eat: Bread ration      |     1 |       ||     1
